 Dungeon Crawl Stone Soup version 0.30-a0-883-g5ad918d77d (webtiles) character file.

Game seed: 12918961359700110275

27 Pimp the Gusty (level 2, -1/20 HPs)
             Began as a Draconian Air Elementalist on Mar 16, 2023.
             Killed by their own static electricity (2 damage)
             ... on level 2 of the Dungeon.
             The game lasted 00:02:26 (828 turns).

Pimp the Gusty (Draconian Air Elementalist)          Turns: 828, Time: 00:02:27

Health: -1/20      AC:  5    Str: 10    XL:     2   Next: 93%
Magic:  3/5        EV: 12    Int: 15    God:
Gold:   112        SH:  0    Dex: 11    Spells: 2/5 levels left

rFire   . . .      SeeInvis .    g - +0 dagger
rCold   . . .      Faith    .    (no shield)
rNeg    . . .      Spirit   .    (body armour unavailable)
rPois   .          Reflect  .    (helmet restricted)
rElec   .          Rampage  .    (no cloak)
rCorr   .                        (no gloves)
Will    .....                    c - +0 pair of boots
Stlth   ++                       (no amulet)
HPRegen 0.23/turn                (no ring)
MPRegen 0.09/turn                (no ring)

@: mighty
A: AC +4, unfitting armour, cold-blooded
a: no special abilities


You were on level 2 of the Dungeon.
You visited 1 branch of the dungeon, and saw 2 of its levels.

You collected 112 gold pieces.

Inventory:

Hand Weapons
 g - a +0 dagger (weapon)
Armour
 c - a +0 pair of boots (worn)
Wands
 e - a wand of digging (1)
Scrolls
 d - a scroll of teleportation
Potions
 f - a potion of curing


   Skills:
 + Level 2.1 Dodging
 + Level 2.2 Stealth
 + Level 2.3 Spellcasting
 + Level 1.4 Conjurations
 + Level 3.2 Air Magic


You had 2 spell levels left.
You knew the following spells:

 Your Spells              Type           Power      Damage    Failure   Level
a - Shock                 Conj/Air       32%        1d5       9%          1
b - Static Discharge      Conj/Air       16%        2-3/arc   12%         2

Your spell library contained the following spells:

 Spells                   Type           Power      Damage    Failure   Level
 Swiftness                Air            11%        N/A       17%         3
 Airstrike                Air            5%         2d(1-17)  50%         4
 Portal Projectile        Hex/Tloc       2%         N/A       54%         3
 Tukima's Dance           Hex            1%         N/A       54%         3
 Blade Hands              Tmut           0%         N/A       99%         5


Dungeon Overview and Level Annotations

Branches:
Dungeon (2/15)

Altars:


Innate Abilities, Weirdness & Mutations

Your plain brown scales are hard. (AC +4)
You cannot fit into any form of body armour.
You are cold-blooded and may be slowed by cold attacks.


Message History

Confirm with . or Enter, or press ? or * to list all spells.
Aiming: Shock (safe; 9% risk of failure)
Press: ? - help, Shift-Dir - straight line, f/p - gnoll
Aim: a gnoll, wielding a +0 spear (72% to hit)
The zap hits the gnoll.
The gnoll is lightly wounded.
The zap hits the gnoll.
The gnoll is severely wounded.
The gnoll hits you from afar with a +0 spear.
* * * LOW HITPOINT WARNING * * *
It was a potion of curing.
You feel better. The gnoll hits you but does no damage.
Casting: Shock (safe; 9% risk of failure)
Confirm with . or Enter, or press ? or * to list all spells.
Aiming: Shock (safe; 9% risk of failure)
Press: ? - help, Shift-Dir - straight line, f/p - gnoll
Aim: a gnoll, wielding a +0 spear (lightly wounded, 72% to hit)
The zap misses the gnoll.
The zap hits the gnoll.
You kill the gnoll!
The gnoll hits you from afar with a +0 spear!
The gnoll hits you but does no damage.
You hit the gnoll.
The gnoll is lightly wounded.
The gnoll barely misses you.
You closely miss the gnoll.
You tail-slap the gnoll, but do no damage.
You punch the gnoll.
The gnoll is heavily wounded.
The gnoll hits you with a +0 spear.
* * * LOW HITPOINT WARNING * * *
Magic courses through your body. The gnoll barely misses you.
You feel very mighty all of a sudden. The gnoll hits you with a +0 spear.
* * * LOW HITPOINT WARNING * * *
Casting: Shock (safe; 9% risk of failure)
Confirm with . or Enter, or press ? or * to list all spells.
The gnoll is struck by an arc of lightning.
The gnoll is severely wounded.
You are struck by an arc of lightning.
You die...

.. #.... #....
#....############
.................
#........#.#####.
........#.#####.
#######....#.....#.
+.@g).'....+...#.#.
#######....###.#.#<
#..........# #.#.##
#....gg....# #.#..'
#......##### #+####
#......# # #......+
# #....g.# #
#......# #


You could see a gnoll.

Vanquished Creatures
  A gnoll (D:2)
  3 bats (D:1)
  2 giant cockroaches (D:1)
  A goblin (D:1)
  3 hobgoblins (D:1)
  2 ball pythons (D:1)
  2 kobolds (D:1)
  4 rats (D:1)
18 creatures vanquished.

Notes
Turn   | Place    | Note
-------+----------+-------------------------------------------
     0 | D:1      | Pimp the Draconian Air Elementalist began the quest for the
                  | Orb.
     0 | D:1      | Reached XP level 1. HP: 14/14 MP: 3/3
   313 | D:1      | Reached XP level 2. HP: 20/20 MP: 1/5
   775 | D:1      | Learned a level 2 spell: Static Discharge
   827 | D:2      | HP: 1/20 [gnoll/+0 spear (6)]
   828 | D:2      | Killed from afar by themself

Illustrated notes

Levels and vault maps discovered:
D:1:      lemuel_arrival_muddy, layout_rooms
D:2:      layout_basic, ebering_ecumenical_altar_mist

Skill      XL: |  1  2 |
---------------+-------+-----
Stealth        | 2 |  2.2
Dodging        | 2 |  2.1
Spellcasting   | |  2.3
Conjurations   | |  1.4
Air Magic      | |  3.2

Action                     || total
---------------------------++-------
  Melee: Unarmed           ||    19
         Tailslap          ||     2
         Dagger            ||     8
         Punch             ||     1
   Cast: Shock             ||    31
    Use: Scroll            ||     4
         Potion            ||     3
   Stab: Sleeping          ||     1
 Armour: Skin              ||    21
  Dodge: Dodged            ||    42

Table legend: (Time is in decaauts)
 A = Elapsed time spent in this place.
 B = Non-inter-level travel time spent in this place.
 C = Inter-level travel time spent in this place.
 D = Time resting spent in this place.
 E = Time spent auto-exploring this place.
 F = Levels seen in this place.
 G = Mean time per level.
                   A        B        C        D        E       F      G
               +--------+--------+--------+--------+--------+-----+--------+
         Total |    827 |    800 |     27 |    170 |    428 |   2 |  413.5 |
       Dungeon |    827 |    800 |     27 |    170 |    428 |   2 |  413.5 |
               +--------+--------+--------+--------+--------+-----+--------+

Top non-repeatable levels by time:
     D:1: 776 daAuts
     D:2: 51 daAuts
